 Dungeon Crawl Stone Soup version 0.17-a0-2073-gde5cdba (webtiles) character file.

84 DarkxAkira the Skirmisher (level 4, 0/39 HPs)
             Began as a Formicid Abyssal Knight on Oct 15, 2015.
             Was a Believer of Lugonu.
             Slain by an orc
             ... wielding a +0 flail
              (7 damage)
             ... on level 1 of the Dungeon.
             The game lasted 00:12:05 (2791 turns).

DarkxAkira the Skirmisher (Formicid Abyssal Knight) Turns: 2791, Time: 00:12:05

Health: 0/39       AC:  3    Str: 18    XL:     4   Next: 74%
Magic:  5/5        EV: 11    Int: 11    God:    Lugonu [**....]
Gold:   71         SH:  0    Dex: 10    Spells: 0 memorised, 3 levels left

rFire  . . .     SeeInvis +     a - +1 spear
rCold  . . .     Clarity  .     b - +0 leather armour
rNeg   . . .     SustAt   .     (no shield)
rPois  .         Gourm    .     (helmet unavailable)
rElec  .         Spirit   .     (no cloak)
rCorr  .         Warding  .     (no gloves)
rMut   .         Stasis   +     (no boots)
MR     .....                    (no amulet)
Stlth  +.........               (no ring)
                                (no ring)

@: not resistant to hostile enchantments, very unstealthy
A: permanent stasis, dig shafts and tunnels, four strong arms, antennae 3
a: Dig, Shaft Self, Depart the Abyss, Bend Space, Renounce Religion


You were on level 1 of the Dungeon.
You worshipped Lugonu.
Lugonu was pleased with you.
You were not hungry.

You visited 1 branch of the dungeon, and saw 3 of its levels.
You visited the Abyss 1 time.

You collected 71 gold pieces.

Inventory:

Hand Weapons
 a - a +1 spear (weapon)
 m - a +1 short sword of electrocution
Missiles
 e - 184 stones (quivered)
Armour
 b - a +0 leather armour (worn)
Scrolls
 d - a scroll of immolation {unknown}
 f - a scroll of remove curse {unknown}
 l - a scroll of fear {unknown}
 n - 2 scrolls of magic mapping {unknown}
Potions
 i - 2 potions of curing {unknown}
 j - a potion of poison {unknown}
Comestibles
 c - 2 bread rations
 g - a royal jelly


   Skills:
 - Level 5.3 Fighting
 + Level 2.4 Polearms
 - Level 2.1 Armour
 - Level 0.8 Dodging
 - Level 2.1 Invocations


You had 3 spell levels left.
You didn't know any spells.

Dungeon Overview and Level Annotations

Branches:
Dungeon (3/15)

Altars:
Okawaru
Qazlal
Yredelemnul


Innate Abilities, Weirdness & Mutations

You are under a permanent stasis effect.
You can dig through walls and to a lower floor.
Your four strong arms can wield two-handed weapons with a shield.
You have a pair of large antennae on your head (SInv).


Message History

The orc is severely wounded.
The orc hits you with a flail.
* * * LOW HITPOINT WARNING * * *
You hit the orc but do no damage.
The orc is severely wounded.
The orc hits you but does no damage.
You see here a club.
You closely miss the orc.
The orc is heavily wounded.
The orc hits you with a flail.
* * * LOW HITPOINT WARNING * * *
You hit the orc but do no damage.
The orc is heavily wounded.
You barely miss the orc.
The orc is heavily wounded.
The orc barely misses you.
You hit the orc.
The orc is severely wounded.
The orc hits you with a flail!
You die...

#.#.#.###.#
#.#.#.# #.#
###.#.#.# #.#
#.......# #.#
#.#.#.### #.#
#.#..)..# #.#
#.......# #.#
##########...# #o#
#<#......#...# #@#
#.######.#...# #.#
.........#..## #.#
#######.##..## #.#
.....#...#...# #.#
.#####.#.#.#.# #.#
...)...#.#.#.# #.#
####.#.#.#.#.###.#
.....#.#.#.....#.#


You could see an orc.

Vanquished Creatures
  2 adders (D:2)
  An ooze (D:2)
  A worm (D:2)
  A giant gecko (D:2)
  2 orcs (D:3)
  7 bats
  2 gnoll zombies (D:2)
  3 hobgoblins (D:1)
  2 jackals (D:2)
  6 giant cockroaches
  3 giant newts
  7 goblins
  10 kobolds
  12 rats
59 creatures vanquished.

Notes
Turn   | Place    | Note
--------------------------------------------------------------
     0 | Abyss:1  | DarkxAkira the Formicid Abyssal Knight began the quest for the Orb.
     0 | Abyss:1  | Reached XP level 1. HP: 18/18 MP: 2/2
    30 | Abyss:1  | Noticed an ancient zyme
    34 | Abyss:1  | Noticed a freezing wraith
    40 | D:1      | Escaped the Abyss
   354 | D:1      | Reached XP level 2. HP: 19/25 MP: 3/3
   445 | D:1      | Reached * piety under Lugonu
   445 | D:1      | Reached skill level 4 in Fighting
   821 | D:1      | Reached XP level 3. HP: 27/31 MP: 4/4
  1275 | D:2      | Reached skill level 5 in Fighting
  1481 | D:2      | Found a stormy altar of Qazlal.
  1533 | D:2      | Reached XP level 4. HP: 34/39 MP: 5/5
  1587 | D:2      | Found an iron altar of Okawaru.
  1601 | D:2      | Reached ** piety under Lugonu
  1605 | D:2      | Found a faded altar to an unknown god.
  2127 | D:2      | Found a basalt altar of Yredelemnul.
  2791 | D:1      | Slain by an orc

Vault maps used:
D:1:      onia_arrival_mini_maze
D:2:      okawaru_gym_becter, lemuel_zombie_altar_yredelemnul,
          ecumenical_altar_1, kennysheep_big_empty_room, grunt_qazlal_sundering
D:3:      ashenzari_conservatory_becter, lemuel_statue_altar
Abyss:2:  evilmike_abyss_exit_2

Action                   |  1- 3 |  4- 6 || total
-------------------------+-------+-------++-------
Melee: Spear             |   144 |   105 ||   249
Throw: Stone             |     2 |     5 ||     7
Invok: Depart the Abyss  |     1 |       ||     1
  Eat: Chunk             |     2 |     3 ||     5
       Meat ration       |       |     1 ||     1
